 Dungeon Crawl Stone Soup version 0.27-a0-1200-g94dc6ad4cf (webtiles) character file.

Game seed: 11389445485592073212

46 Delamore the Skirmisher (level 3, 0/24 HPs)
             Began as a Gargoyle Fighter on June 1, 2021.
             Was a Follower of Yredelemnul.
             Slain by an orc wizard
             ... wielding a +0 dagger
              (2 damage)
             ... on level 4 of the Dungeon.
             The game lasted 00:00:57 (944 turns).

Delamore the Skirmisher (Gargoyle Fighter)           Turns: 944, Time: 00:00:57

Health: 0/24       AC: 11    Str: 26    XL:     3   Next: 68%
Magic:  3/3        EV:  8    Int:  8    God:    Yredelemnul [*.....]
Gold:   29         SH:  0    Dex:  9    Spells: 2/2 levels left

rFire    . . .     SeeInvis .   a - +0 flail
rCold    . . .     Faith    .   c - +0 kite shield
rNeg     + . .     Spirit   .   j - +3 ring mail
rPois    ∞         Reflect  .   (no helmet)
rElec    +         Harm     .   (no cloak)
rCorr    .         Rampage  .   (no gloves)
Will     .....                  (no boots)
Stlth    ..........             (no amulet)
HPRegen  0.08/turn              g - +6 ring of strength
MPRegen  0.08/turn              (no ring)

@: confused
A: sickness immunity, AC +3, negative energy resistance 1, electricity
resistance, torment resistance 1, petrification resistance
a: Renounce Religion, Animate Remains


You were on level 4 of the Dungeon.
You worshipped Yredelemnul.
Yredelemnul was aware of your devotion.
You visited 1 branch of the dungeon, and saw 3 of its levels.

You collected 29 gold pieces.

Inventory:

Hand Weapons
 a - a +0 flail (weapon)
Armour
 c - a +0 kite shield (worn)
 j - a +3 ring mail (worn)
Jewellery
 g - a +6 ring of strength (left hand)
Scrolls
 b - a scroll of identify {unknown}
 h - a scroll of summoning {unknown}
 i - a scroll of enchant armour {unknown}
 k - a scroll of fog {unknown}
Potions
 d - a potion of might
 e - a potion of ambrosia {unknown}
 f - a potion of heal wounds {unknown}
 l - a potion of invisibility {unknown}
 m - 3 potions of mutation {unknown}


   Skills:
 + Level 3.9 Fighting
 * Level 3.4 Maces & Flails
 - Level 3.2 Armour
 - Level 3.2 Shields


You had 2 spell levels left.
You didn't know any spells.
Your spell library contained the following spells:

 Spells                   Type           Power      Damage    Failure   Level
 Animate Skeleton         Necr           0%         N/A       96%         1
 Pain                     Necr           0%         1d4       96%         1
 Vampiric Draining        Necr           0%         2d6       100%        3
 Animate Dead             Necr           0%         N/A       100%        4
 Agony                    Necr           0%         N/A       100%        5


Dungeon Overview and Level Annotations

Branches:
Dungeon (2/15)

Altars:
Yredelemnul

Shops:
D:1 :


Innate Abilities, Weirdness & Mutations

You are immune to sickness and miasma.
Your stone body is resilient. (AC +3)
You are immune to poison.
You resist negative energy. (rN+)
You are resistant to electric shocks. (rElec)
You are resistant to unholy torment.
You are immune to petrification.


Message History

The goblin shoots a stone.
The stone hits you.
You hit the orc wizard.
The orc wizard is lightly wounded.
The orc wizard hits you but does no damage.
The goblin shoots a stone.
The stone barely misses you.
You closely miss the orc wizard.
The orc wizard is lightly wounded.
The orc wizard hits you but does no damage.
The goblin shoots a stone.
You hear some strange, mumbled words.
A magic dart appears from out of thin air!
The magic dart hits you!
The orc wizard points at itself and mumbles some strange words.
The orc wizard flickers and vanishes!
You barely miss something.
The goblin shoots a stone.
The stone hits you but does no damage.
You bump into the rock wall.
The orc hits you but does no damage. Something hits you.
The orc hits you with a +0 short sword.
You bump into the rock wall.
The orc barely misses you. Something hits you but does no damage.
The orc barely misses you.
You bump into the rock wall.
The orc hits you but does no damage. Something hits you but does no damage.
The goblin shoots a stone.
The stone hits you.
* * * LOW HITPOINT WARNING * * *
The orc hits you but does no damage.
You're too confused to move!
The orc closely misses you.
You hear some strange, mumbled words.
You are more confused.
The goblin shoots a stone.
The orc barely misses you.
You thump the orc!
You kill the orc!
Yredelemnul accepts your kill. Something hits you.
* * * LOW HITPOINT WARNING * * *
The goblin shoots a stone.
The stone hits you but does no damage. The orc hits you with a +0 short sword.
* * * LOW HITPOINT WARNING * * *
Something hits you.
You die...
Your body rises from the dead as a mindless zombie.

## ..# ## #.
#..#...
#..#####.......
#<.@o......<.
###{)........
##..g.....#..
#....##...#
#...## #....
#..### .....
#..# .... #..#
.... #.(.


You could see an orc and a goblin.

Vanquished Creatures
  An adder (D:2)
  A gnoll (D:1)
  2 dart slugs (D:1)
  An orc (D:4)
  2 ball pythons
  An endoplasm (D:1)
  A giant cockroach (D:1)
  4 goblins
  A quokka (D:1)
  3 bats
  3 frilled lizards (D:1)
  3 kobolds (D:1)
  A rat (D:2)
24 creatures vanquished.

Notes
Turn   | Place    | Note
-------+----------+-------------------------------------------
     0 | D:1      | Delamore the Gargoyle Fighter began the quest for the Orb.
     0 | D:1      | Reached XP level 1. HP: 14/14 MP: 1/1
    54 | D:1      | Found Xusefot's Book Shoppe.
   162 | D:1      | Reached XP level 2. HP: 19/19 MP: 2/2
   476 | D:1      | Found a faded altar of an unknown god.
   498 | D:1      | Reached XP level 3. HP: 16/24 MP: 3/3
   513 | D:1      | Became a worshipper of Yredelemnul the Dark
   513 | D:1      | Reached * piety under Yredelemnul
   928 | D:2      | You fall into a shaft and drop 2 floors!
   944 | D:4      | Slain by an orc wizard

Illustrated notes

Levels and vault maps discovered:
D:1:      minmay_arrival_jagged, layout_loops_cross,
          chequers_ecumenical_altar_twisty, serial_shops, shop_statue
D:2:      minmay_inner_zag, layout_loops_cross, chequers_hall_statues_corner_a
D:4:      layout_layer_cave, temple_fountains

Skill      XL: |  1  2 |
---------------+-------+-----
Maces & Flails | 3 |  3.4
Fighting       | |  3.9
Armour         | |  3.2
Shields        | |  3.2

Action                   || total
-------------------------++-------
Melee: Flail             ||    76
Armor: Scale mail        ||    15
       Ring mail         ||    31
Dodge: Dodged            ||    27
Block: Kite shield       ||    56

Table legend: (Time is in decaauts)
 A = Elapsed time spent in this place.
 B = Non-inter-level travel time spent in this place.
 C = Inter-level travel time spent in this place.
 D = Time resting spent in this place.
 E = Time spent auto-exploring this place.
 F = Levels seen in this place.
 G = Mean time per level.
                   A        B        C        D        E       F      G
               +--------+--------+--------+--------+--------+-----+--------+
         Total |    980 |    922 |     58 |      0 |    716 |   3 |  326.7 |
       Dungeon |    980 |    922 |     58 |      0 |    716 |   3 |  326.7 |
               +--------+--------+--------+--------+--------+-----+--------+

Top non-repeatable levels by time:
     D:1: 841 daAuts
     D:2: 120 daAuts
     D:4: 17 daAuts
